 Dungeon Crawl Stone Soup version 0.13.1-26-g838d096 (webtiles) character file.

3263 Nicoed the Covered (level 9, -2/77 HPs)
             Began as a Minotaur Fighter on Jan 22, 2014.
             Was a High Priest of Makhleb.
             Slain by elenap21's ghost (12 damage)
             ... on Level 8 of the Dungeon.
             The game lasted 00:28:47 (6391 turns).

Nicoed the Covered (Minotaur Fighter)               Turns: 6391, Time: 00:28:47

HP  -2/77        AC 14     Str 25      XL: 9   Next: 48%
MP   9/9         EV  6     Int  5      God: Makhleb [*****.]
Gold 381         SH 12     Dex  9      Spells:  0 memorised,  8 levels left

Res.Fire  : . . .   See Invis. : .   a - +0 falchion
Res.Cold  : . . .   Warding    : .   v - +0 plate armour
Life Prot.: + . .   Conserve   : .   C - +1 elf buckler
Res.Poison: .       Res.Corr.  : .   (helmet restricted)
Res.Elec. : .       Clarity    : .   s - +0 cloak
Sust.Abil.: . .     Spirit.Shd : .   (no gloves)
Res.Mut.  : .       Stasis     : .   (no boots)
Res.Rott. : .       Flight     : .   (no amulet)
Saprovore : . . .                    E - ring of positive energy {unknown}
                                     o - ring of sustenance

@: slightly resistant to hostile enchantments, extremely unstealthy
A: retaliatory headbutt, horns 2
a: Minor Destruction, Lesser Servant of Makhleb, Major Destruction, Greater
Servant of Makhleb, Renounce Religion


You were on level 8 of the Dungeon.
You worshipped Makhleb.
Makhleb was extremely pleased with you.
You were not hungry.

You visited 1 branch of the dungeon, and saw 8 of its levels.

You collected 361 gold pieces.

Inventory:

Hand weapons
 a - a +0,+0 falchion (weapon)
 G - the +10,+7 crossbow of Ryutoick {flame, +Blink MR+ Int+3 SInv}
   (You found it on level 7 of the Dungeon)

   It turns projectiles fired from it into bolts of flame.
   It affects your intelligence (+3).
   It affects your resistance to hostile enchantments.
   It enhances your eyesight.
   It lets you blink.
Armour
 s - a +0 cloak (worn)
 v - a +0 plate armour (worn)
 C - a +1 elven buckler (worn)
Magical devices
 g - a wand of enslavement (9)
 t - a wand of lightning (0)
 D - a wand of cold (6)
 H - a wand of flame (17)
Comestibles
 d - 7 bread rations
 A - 2 apples
Scrolls
 h - a scroll of fog {unknown}
 i - 3 scrolls of remove curse
 j - a scroll of enchant weapon II {unknown}
 k - 2 scrolls of noise {unknown}
 m - a scroll of teleportation
 n - a scroll of enchant weapon I {unknown}
 w - a scroll of amnesia {unknown}
 y - a scroll of fear {unknown}
 z - a scroll of enchant armour {unknown}
 B - a scroll of curse weapon {unknown}
Jewellery
 b - an uncursed ring of protection from magic
 e - an uncursed ring of positive energy {unknown}
 o - a ring of sustenance (left hand)
 r - an uncursed ring of ice
 E - a ring of positive energy (right hand) {unknown}
Potions
 c - a potion of degeneration {unknown}
 f - a potion of slowing {unknown}
 l - a potion of paralysis {unknown}
 p - 3 potions of might
 q - a potion of agility {unknown}
 x - 2 potions of flight {unknown}
 F - a potion of magic {unknown}


   Skills:
 + Level 7.3 Fighting
 + Level 6.6 Long Blades
 + Level 7.5 Armour
 + Level 5.4 Dodging
 + Level 7.4 Shields
 * Level 3.1 Invocations
 - Level 4.2 Evocations


You had 8 spell levels left.
You didn't know any spells.

Dungeon Overview and Level Annotations

Branches:
Dungeon (8/27)             Temple (0/1) D:6
    Orc: D:6-11        Lair: D:8-13

Altars:
Elyvilon
Fedhas
Makhleb
Nemelex Xobeh
Sif Muna
Vehumet

Annotations:
D:8 exclusion: 2 oklob saplings, elenap21's ghost, experienced OgHu


Innate Abilities, Weirdness & Mutations

You reflexively headbutt those who attack you in melee.
You have a pair of horns on your head.


Message History

You hit elenap21's ghost. Your headbutt misses elenap21's ghost.
Elenap21's ghost is lightly damaged.
You block elenap21's ghost's attack.
You closely miss elenap21's ghost.
Elenap21's ghost is lightly damaged.
Elenap21's ghost hits you!
* * * LOW HITPOINT WARNING * * *
Unknown command.
Use which ability? (? or * to list)
A demon appears!
You feel somewhat more hungry. You block elenap21's ghost's attack.
Press: ? - help, v - describe, . - travel
Here: an Executioner (friendly, summoned)
The floor.
You hit elenap21's ghost but do no damage.
Elenap21's ghost is lightly damaged.
Your Executioner hits elenap21's ghost! Your Executioner hits elenap21's ghost.
Your Executioner completely misses elenap21's ghost.
Elenap21's ghost hits you!
You die...

#.....###.#.##.#
#..............#
#............###
####.........####
#............#
#.#####....#.# #.# #....#.#
#.# ##...#.# #.# #.@.#.####
#.# #.p.#....# #.#
#1###....# #.### #........#
########...####.###..###
.....................####
##...###...#....####....###
................####......#
..........................#


You could see elenap21's ghost and a friendly Executioner.

Vanquished Creatures
  Pikel (D:6)
  Prince Ribbit (D:6)
  A hungry ghost (D:7)
  A hippogriff (D:5)
  A wandering mushroom (D:8)
  A phantom (D:5)
  2 sky beasts (D:7)
  3 ice beasts
  A slave (D:6)
  An ogre (D:7)
  A centaur (D:5)
  A water moccasin (D:7)
  3 crimson imps
  A goliath beetle (D:7)
  4 hounds
  2 iguanas
  3 orc priests
  An orange rat (D:6)
  4 orc wizards
  3 worker ants
  2 scorpions
  Ijyb (D:4)
  Jessica (D:3)
  An ogre skeleton (D:5)
  6 adders
  7 gnolls
  3 green rats (D:6)
  An inept feature mimic (D:6)
  A giant mite (D:2)
  7 worms
  An adder skeleton (D:4)
  6 grey rats (D:6)
  3 giant geckos
  22 orcs
  A bat zombie (D:5)
  8 giant cockroaches
  11 hobgoblins
  15 jackals
  4 quokkas
  3 ball pythons
  14 bats
  3 giant newts
  11 goblins
  A goblin skeleton (D:4)
  A goblin zombie (D:5)
  14 kobolds
  2 kobold zombies
  An orc skeleton (D:5)
  A quokka skeleton (D:7)
  31 rats
  A rat skeleton (D:5)
  A rat zombie (D:5)
  A plant (D:7)
222 creatures vanquished.

Vanquished Creatures (collateral kills)
  An orc priest (D:4)
  An orc wizard (D:5)
  4 orcs (D:5)
6 creatures vanquished.

Vanquished Creatures (others)
  A wandering mushroom (D:8)
1 creature vanquished.

Grand Total: 229 creatures vanquished

Notes
Turn   | Place    | Note
--------------------------------------------------------------
     0 | D:1      | Nicoed, the Minotaur Fighter, began the quest for the Orb.
     0 | D:1      | Reached XP level 1. HP: 19/19 MP: 0/0
   205 | D:1      | Reached XP level 2. HP: 24/26 MP: 0/0
   330 | D:1      | Reached skill level 1 in Dodging
   485 | D:2      | Reached skill level 4 in Shields
   520 | D:2      | Reached XP level 3. HP: 29/33 MP: 1/1
   729 | D:2      | Found a radiant altar of Vehumet.
   785 | D:2      | Reached XP level 4. HP: 29/40 MP: 1/1
   862 | D:2      | Found a white marble altar of Elyvilon.
   863 | D:2      | Found a burning altar of Makhleb.
   869 | D:2      | Found a deep blue altar of Sif Muna.
   870 | D:2      | Found a sparkling altar of Nemelex Xobeh.
   895 | D:2      | Became a worshipper of Makhleb the Destroyer
  1225 | D:3      | Acquired Makhleb's first power
  1328 | D:3      | Reached XP level 5. HP: 28/46 MP: 1/1
  1498 | D:3      | Acquired Makhleb's second power
  1561 | D:3      | Noticed Jessica
  1576 | D:3      | Killed Jessica
  2006 | D:4      | Reached XP level 6. HP: 13/53 MP: 2/2
  2104 | D:4      | Noticed Ijyb
  2123 | D:4      | Killed Ijyb
  2123 | D:4      | Reached skill level 5 in Armour
  2123 | D:4      | Reached skill level 5 in Shields
  2388 | D:4      | Acquired Makhleb's third power
  2501 | D:4      | Reached skill level 5 in Fighting
  2509 | D:4      | HP: 2/53 [orc priest/divine providence (16)]
  2753 | D:5      | Entered Level 5 of the Dungeon
  2896 | D:5      | Reached XP level 7. HP: 39/60 MP: 2/2
  2901 | D:5      | Acquired Makhleb's fourth power
  3510 | D:5      | Noticed a hippogriff
  3522 | D:5      | Killed a hippogriff
  3522 | D:5      | Reached skill level 5 in Long Blades
  3522 | D:5      | Reached skill level 6 in Armour
  3522 | D:5      | Reached skill level 1 in Evocations
  3777 | D:5      | Reached XP level 8. HP: 61/69 MP: 3/4
  3926 | D:6      | Noticed Prince Ribbit
  3954 | D:6      | Killed Prince Ribbit
  4132 | D:6      | Acquired Makhleb's fifth power
  4377 | D:6      | Found a staircase to the Ecumenical Temple.
  4642 | D:6      | Noticed Pikel
  4733 | D:6      | Killed Pikel
  4733 | D:6      | Reached skill level 7 in Armour
  4733 | D:6      | Reached XP level 9. HP: 38/75 MP: 7/9
  4804 | D:7      | Reached skill level 5 in Dodging
  4931 | D:7      | Found a blossoming altar of Fedhas.
  5031 | D:7      | Got a crude crossbow
  5032 | D:7      | Identified the crossbow of Ryutoick {flame, +Blink MR+ Int+3 SInv} (You found it on level 7 of the Dungeon)
  5088 | D:7      | Reached skill level 1 in Invocations
  6118 | D:8      | Found a blossoming altar of Fedhas.
  6379 | D:8      | Noticed elenap21's ghost (experienced OgHu)
  6391 | D:8      | Slain by elenap21's ghost

Action                   |  1- 3 |  4- 6 |  7- 9 || total
-------------------------+-------+-------+-------++-------
Melee: Falchion          |   112 |   265 |   480 ||   857
Invok: Minor Destruction |       |     1 |       ||     1
       Lesser Servant of |       |     1 |     2 ||     3
       Greater Servant o |       |       |     1 ||     1
Evoke: Wand              |       |     2 |     4 ||     6
  Use: Scroll            |       |     9 |     3 ||    12
       Potion            |       |     5 |     2 ||     7
